TOP OF THE 1ST |
Maize HS batting - Pitching for Temiskaming District Secondary School Saints : LHP Phil Bacon
|
Pitching: LHP Phil Bacon
|
|
Batting: RHB Jorge Molina
|
0-0: SINGLE (Line Drive, 4D)
|
Batting: RHB Dan Osborne
|
0-0: Ball 1-0: Ball 2-0: Ball 3-0: Called Strike 3-1: Grounds into double play, U4-3 (Groundball, 4)
|
Batting: RHB Chris Wilson
|
0-0: Called Strike 0-1: Ball 1-1: Foul Ball, location: 2F 1-2: Foul Ball, location: 2F 1-2: Ball 2-2: Ball 3-2: Base on Balls
|
Batting: SHB Ricardo Gómez
|
0-0: Ball 1-0: Called Strike 1-1: Called Strike 1-2: Ball 2-2: Strikes out swinging
|
Top of the 1st over - 0 run(s), 1 hit(s), 0 error(s), 1 left on base; Maize HS 0 - Temiskaming District Secondary School 0 |
BOTTOM OF THE 1ST |
Temiskaming District Secondary School Saints batting - Pitching for Maize HS : LHP Leonard Simmons
|
Pitching: LHP Leonard Simmons
|
|
Batting: RHB George Gardner
|
0-0: Ball 1-0: Ball 2-0: Ball 3-0: Base on Balls
|
Batting: RHB Beau McNeill
|
0-0: Ball 1-0: Called Strike 1-1: Swinging Strike 1-2: Ball 2-2: Fielders Choice at 2nd, 1-6 (Groundball, 23)
|
Batting: RHB Fred Moulds
|
0-0: Called Strike 0-1: Swinging Strike 0-2: Ground out 5-3 (Groundball, 56S) Beau McNeill to second
|
Batting: RHB Walt Miller
|
0-0: Called Strike 0-1: Ball 1-1: Called Strike 1-2: Strikes out looking
|
Bottom of the 1st over - 0 run(s), 0 hit(s), 0 error(s), 1 left on base; Maize HS 0 - Temiskaming District Secondary School 0 |
TOP OF THE 2ND |
Maize HS batting - Pitching for Temiskaming District Secondary School Saints : LHP Phil Bacon
|
Batting: RHB Nelson Martínez
|
0-0: Called Strike 0-1: Foul Ball, location: 2F 0-2: Reached on Error, E8 (Flyball, 8RS)
|
Batting: SHB Tony Morrison
|
0-0: Called Strike Single, Error in OF, E9, batter to second base Nelson Martínez to third
|
Batting: RHB Lorenzo Hernández
|
0-0: Ball 1-0: Fly out, F9 (Flyball, 89S)
|
Batting: LHB Chad Aguilar
|
0-0: Called Strike 0-1: Foul Ball, location: 2F 0-2: Ball 1-2: Ball 2-2: Ball 3-2: Strikes out swinging
|
Batting: LHB Leonard Simmons
|
0-0: Ball 1-0: Ball 2-0: Swinging Strike 2-1: Foul Ball, location: 2F 2-2: Ball 3-2: Strikes out swinging
|
Top of the 2nd over - 0 run(s), 1 hit(s), 2 error(s), 2 left on base; Maize HS 0 - Temiskaming District Secondary School 0 |
BOTTOM OF THE 2ND |
Temiskaming District Secondary School Saints batting - Pitching for Maize HS : LHP Leonard Simmons
|
Batting: LHB Carlos Músquez
|
0-0: Ball 1-0: Ball 2-0: Called Strike 2-1: Foul Ball, location: 2F 2-2: Strikes out swinging
|
Batting: RHB Bob Ferguson
|
0-0: Ball 1-0: Foul Ball, location: 2F 1-1: Ball 2-1: Fly out, F8 (Flyball, 8RS)
|
Batting: RHB John Weber
|
0-0: Ball 1-0: Ball 2-0: Ball 3-0: Base on Balls
|
Batting: RHB Elliott Short
|
0-0: Ball John Weber steals 2nd base 1-0: Called Strike 1-1: Ball 2-1: Called Strike 2-2: Foul Ball, location: 2F 2-2: SINGLE (Groundball, 56D) John Weber to third Runner from 3rd tries for Home, SAFE, no throw or cutoff
|
Batting: SHB Stanley Ryan
|
0-0: Called Strike 0-1: Ball 1-1: Fielders Choice at 2nd, U6 (Groundball, 6M)
|
Bottom of the 2nd over - 1 run(s), 1 hit(s), 0 error(s), 1 left on base; Maize HS 0 - Temiskaming District Secondary School 1 |
TOP OF THE 3RD |
Maize HS batting - Pitching for Temiskaming District Secondary School Saints : LHP Phil Bacon
|
Batting: RHB Jorge Molina
|
0-0: SINGLE (Groundball, 56)
|
Batting: RHB Dan Osborne
|
0-0: Grounds into double play, 4-6-3 (Groundball, 4)
|
Batting: RHB Chris Wilson
|
0-0: Called Strike 0-1: Ball 1-1: Foul Ball, location: 2F 1-2: Strikes out swinging
|
Top of the 3rd over - 0 run(s), 1 hit(s), 0 error(s), 0 left on base; Maize HS 0 - Temiskaming District Secondary School 1 |
BOTTOM OF THE 3RD |
Temiskaming District Secondary School Saints batting - Pitching for Maize HS : LHP Leonard Simmons
|
Batting: RHB George Gardner
|
0-0: Called Strike 0-1: Swinging Strike 0-2: Foul Ball, location: 2F 0-2: Hit by Pitch
|
Batting: RHB Beau McNeill
|
0-0: Ball George Gardner steals 2nd base 1-0: Fly out, F9 (Flyball, 9LS)
|
Batting: RHB Fred Moulds
|
0-0: Ball 1-0: Ball 2-0: Swinging Strike 2-1: Called Strike 2-2: Ball 3-2: SINGLE (Line Drive, 56) George Gardner to third
|
Batting: RHB Walt Miller
|
0-0: Ball 1-0: Ball 2-0: Called Strike 2-1: Grounds into double play, 5-4-3 (Groundball, 5)
|
Bottom of the 3rd over - 0 run(s), 1 hit(s), 0 error(s), 1 left on base; Maize HS 0 - Temiskaming District Secondary School 1 |
TOP OF THE 4TH |
Maize HS batting - Pitching for Temiskaming District Secondary School Saints : LHP Phil Bacon
|
Batting: SHB Ricardo Gómez
|
0-0: Called Strike 0-1: Foul Ball, location: 2F 0-2: Foul Ball, location: 2F 0-2: Strikes out swinging
|
Batting: RHB Nelson Martínez
|
0-0: Swinging Strike 0-1: Ball 1-1: Foul Ball, location: 2F 1-2: Foul Ball, location: 2F 1-2: Strikes out looking
|
Batting: SHB Tony Morrison
|
0-0: Foul Ball, location: 2F 0-1: Ball 1-1: Fly out, F8 (Flyball, 8LS)
|
Top of the 4th over - 0 run(s), 0 hit(s), 0 error(s), 0 left on base; Maize HS 0 - Temiskaming District Secondary School 1 |
BOTTOM OF THE 4TH |
Temiskaming District Secondary School Saints batting - Pitching for Maize HS : LHP Leonard Simmons
|
Batting: LHB Carlos Músquez
|
0-0: Fly out, F8 (Flyball, 8RXD)
|
Batting: RHB Bob Ferguson
|
0-0: Ball 1-0: Called Strike 1-1: Ball 2-1: Ball 3-1: Foul Ball, location: 2F 3-2: Foul Ball, location: 2F 3-2: Foul Ball, location: 2F 3-2: Strikes out looking
|
Batting: RHB John Weber
|
0-0: Foul Ball, location: 2F 0-1: Swinging Strike 0-2: Ball 1-2: Ball 2-2: Strikes out swinging
|
Bottom of the 4th over - 0 run(s), 0 hit(s), 0 error(s), 0 left on base; Maize HS 0 - Temiskaming District Secondary School 1 |
TOP OF THE 5TH |
Maize HS batting - Pitching for Temiskaming District Secondary School Saints : LHP Phil Bacon
|
Batting: RHB Lorenzo Hernández
|
0-0: Called Strike 0-1: Called Strike 0-2: Ball 1-2: Foul Ball, location: 2F 1-2: Foul Ball, location: 2F 1-2: Strikes out swinging
|
Batting: LHB Chad Aguilar
|
0-0: Called Strike 0-1: Foul Ball, location: 2F 0-2: Ball 1-2: Foul Ball, location: 2F 1-2: Foul Ball, location: 2F 1-2: SINGLE (Groundball, 3S) (infield hit)
|
Batting: LHB Leonard Simmons
|
0-0: Fly out, F8 (Flyball, 8LM)
|
Batting: RHB Jorge Molina
|
0-0: Ball 1-0: Called Strike 1-1: Ball 2-1: Ground out 6-3 (Groundball, 56)
|
Top of the 5th over - 0 run(s), 1 hit(s), 0 error(s), 1 left on base; Maize HS 0 - Temiskaming District Secondary School 1 |
BOTTOM OF THE 5TH |
Temiskaming District Secondary School Saints batting - Pitching for Maize HS : LHP Leonard Simmons
|
Batting: RHB Elliott Short
|
0-0: Swinging Strike 0-1: Ball 1-1: Ball 2-1: Foul Ball, location: 2F 2-2: Ball 3-2: Foul Ball, location: 2F 3-2: Foul Ball, location: 2F 3-2: Strikes out swinging
|
Batting: SHB Stanley Ryan
|
0-0: Called Strike 0-1: Foul Ball, location: 2F 0-2: Ball 1-2: Ball 2-2: Ball 3-2: Strikes out swinging
|
Batting: RHB George Gardner
|
0-0: Ground out 6-3 (Groundball, 6)
|
Bottom of the 5th over - 0 run(s), 0 hit(s), 0 error(s), 0 left on base; Maize HS 0 - Temiskaming District Secondary School 1 |
TOP OF THE 6TH |
Maize HS batting - Pitching for Temiskaming District Secondary School Saints : LHP Phil Bacon
|
Batting: RHB Dan Osborne
|
0-0: Called Strike 0-1: Ground out 5-3 (Groundball, 5)
|
Batting: RHB Chris Wilson
|
0-0: Foul Ball, location: 2F 0-1: SINGLE (Flyball, 8LM)
|
Pitching: RHP Tony Torres
|
|
Batting: SHB Ricardo Gómez
|
0-0: Ball 1-0: Ball Wild Pitch! Chris Wilson to second 2-0: Called Strike 2-1: Foul Ball, location: 2F 2-2: Ball 3-2: SINGLE (Groundball, 56D) Chris Wilson to third
|
Batting: RHB Nelson Martínez
|
0-0: Hit by Pitch Ricardo Gómez to second
|
Batting: SHB Tony Morrison
|
0-0: Ball 1-0: Foul Ball, location: 2F 1-1: Ball 2-1: Swinging Strike 2-2: Ball 3-2: Base on Balls Chris Wilson scores Ricardo Gómez to third Nelson Martínez to second
|
Batting: RHB Lorenzo Hernández
|
0-0: Swinging Strike 0-1: Foul Ball, location: 2F 0-2: Ball 1-2: Strikes out swinging
|
Batting: LHB Chad Aguilar
|
0-0: Called Strike 0-1: Ball 1-1: Foul Ball, location: 2F 1-2: Ball 2-2: Strikes out swinging
|
Top of the 6th over - 1 run(s), 2 hit(s), 0 error(s), 3 left on base; Maize HS 1 - Temiskaming District Secondary School 1 |
BOTTOM OF THE 6TH |
Temiskaming District Secondary School Saints batting - Pitching for Maize HS : LHP Leonard Simmons
|
Pitching: RHP Howard Brandon
|
|
Batting: RHB Beau McNeill
|
0-0: DOUBLE (Line Drive, 8RM) - OUT at third base trying to stretch hit.
|
Batting: RHB Fred Moulds
|
0-0: Called Strike 0-1: Ground out 5-3 (Groundball, 56S)
|
Batting: RHB Walt Miller
|
0-0: SINGLE (Groundball, 5D)
|
Batting: LHB Carlos Músquez
|
0-0: Ball 1-0: Called Strike 1-1: Ball 2-1: Foul Ball, location: 2F 2-2: Ball 3-2: Foul Ball, location: 2F 3-2: Base on Balls Walt Miller to second
|
Batting: RHB Bob Ferguson
|
0-0: 3-RUN HOME RUN (Line Drive, 78XD), Distance : 429 ft
|
Batting: RHB John Weber
|
0-0: SINGLE (Flyball, 7LS)
|
Pitching: RHP Ray Miller
|
|
Batting: RHB Elliott Short
|
0-0: Ball 1-0: Swinging Strike 1-1: Called Strike John Weber steals 2nd base 1-2: Foul Ball, location: 2F 1-2: Ball 2-2: Foul Ball, location: 2F 2-2: Strikes out swinging
|
Bottom of the 6th over - 3 run(s), 4 hit(s), 0 error(s), 1 left on base; Maize HS 1 - Temiskaming District Secondary School 4 |
TOP OF THE 7TH |
Maize HS batting - Pitching for Temiskaming District Secondary School Saints : RHP Tony Torres
|
Batting: LHB Leonard Simmons
|
0-0: Called Strike 0-1: Called Strike 0-2: Strikes out swinging
|
Batting: RHB Jorge Molina
|
0-0: Called Strike 0-1: SINGLE (Groundball, 56D) (infield hit)
|
Batting: RHB Dan Osborne
|
0-0: Ball 1-0: Ball 2-0: Ball 3-0: Called Strike 3-1: Base on Balls Jorge Molina to second
|
Batting: RHB Chris Wilson
|
0-0: Called Strike Dan Osborne is caught stealing 2nd base 0-1: Called Strike 0-2: Strikes out swinging
|
Top of the 7th over - 0 run(s), 1 hit(s), 0 error(s), 1 left on base; Maize HS 1 - Temiskaming District Secondary School 4 |
BOTTOM OF THE 7TH |
Temiskaming District Secondary School Saints batting - Pitching for Maize HS : RHP Ray Miller
|
Batting: SHB Stanley Ryan
|
0-0: Ground out 4-3 (Groundball, 4M)
|
Batting: RHB George Gardner
|
0-0: Called Strike 0-1: Ball 1-1: Ball 2-1: Foul Ball, location: 2F 2-2: Strikes out swinging
|
Batting: RHB Beau McNeill
|
0-0: Ground out 4-3 (Groundball, 4)
|
Bottom of the 7th over - 0 run(s), 0 hit(s), 0 error(s), 0 left on base; Maize HS 1 - Temiskaming District Secondary School 4 |
TOP OF THE 8TH |
Maize HS batting - Pitching for Temiskaming District Secondary School Saints : RHP Tony Torres
|
Batting: SHB Ricardo Gómez
|
0-0: Ball 1-0: Called Strike 1-1: Ball 2-1: Called Strike 2-2: Ball 3-2: Base on Balls
|
Pitching: RHP John Bauer
|
|
Batting: RHB Nelson Martínez
|
0-0: Called Strike 0-1: Ball 1-1: Ball 2-1: Fielders Choice at 2nd, 5-4 (Groundball, 5L)
|
Batting: SHB Tony Morrison
|
0-0: Foul Ball, location: 2F 0-1: Fly out, F5 (Line Drive, 5)
|
Batting: RHB Lorenzo Hernández
|
0-0: Ball Wild Pitch! Nelson Martínez to second 1-0: Ball 2-0: Called Strike 2-1: Ball 3-1: Ground out 5-3 (Groundball, 15S)
|
Top of the 8th over - 0 run(s), 0 hit(s), 0 error(s), 1 left on base; Maize HS 1 - Temiskaming District Secondary School 4 |
BOTTOM OF THE 8TH |
Temiskaming District Secondary School Saints batting - Pitching for Maize HS : RHP Ray Miller
|
Batting: RHB Fred Moulds
|
0-0: Foul Ball, location: 2F 0-1: Ball 1-1: DOUBLE (Popup, 9LS)
|
Batting: RHB Walt Miller
|
0-0: Called Strike 0-1: Ball 1-1: Ball 2-1: Ball 3-1: Base on Balls
|
Batting: LHB Carlos Músquez
|
0-0: Ball 1-0: Called Strike 1-1: SINGLE (Groundball, 4M) Fred Moulds to third Walt Miller to second Runner from 3rd tries for Home, throw and OUT!
|
Batting: RHB Bob Ferguson
|
0-0: SINGLE (Groundball, 5D) Walt Miller to third Carlos Músquez to second Runner from 3rd tries for Home, SAFE, throw made home Carlos Músquez to third Bob Ferguson to second
|
Batting: RHB John Weber
|
0-0: Swinging Strike 0-1: SINGLE (Line Drive, 7LS) Carlos Músquez scores Bob Ferguson to third Runner from 3rd tries for Home, SAFE, throw made home John Weber to second
|
Pitching: RHP Roger Grant
|
|
Batting: RHB Elliott Short
|
0-0: Ball 1-0: Ball 2-0: Called Strike 2-1: Swinging Strike 2-2: Strikes out swinging
|
Batting: SHB Stanley Ryan
|
0-0: Called Strike 0-1: Foul Ball, location: 2F 0-2: Reached on Error, E7 (Flyball, 7S) John Weber scores
|
Batting: RHB George Gardner
|
0-0: Ball 1-0: Called Strike 1-1: Foul Ball, location: 2F 1-2: Strikes out swinging
|
Bottom of the 8th over - 4 run(s), 4 hit(s), 1 error(s), 1 left on base; Maize HS 1 - Temiskaming District Secondary School 8 |
TOP OF THE 9TH |
Maize HS batting - Pitching for Temiskaming District Secondary School Saints : RHP John Bauer
|
Batting: LHB Chad Aguilar
|
0-0: Ball 1-0: Called Strike 1-1: Called Strike 1-2: Strikes out looking
|
Batting: LHB Leonard Simmons
|
0-0: Called Strike 0-1: Ball 1-1: Ball 2-1: Called Strike 2-2: Strikes out swinging
|
Batting: RHB Jorge Molina
|
0-0: Ball 1-0: Ball 2-0: Called Strike 2-1: Fly out, F7 (Flyball, 7M)
|
Top of the 9th over - 0 run(s), 0 hit(s), 0 error(s), 0 left on base; Maize HS 1 - Temiskaming District Secondary School 8 |
|